 Dungeon Crawl Stone Soup version 0.17.1-1-g73c8601 (webtiles) character file.

184 Andry07 the Shield-Bearer (level 5, 0/27 HPs)
             Began as a Vine Stalker Fighter on Dec 27, 2015.
             Slain by an iguana (1 damage)
             ... on level 4 of the Dungeon.
             The game lasted 00:05:08 (1707 turns).

Andry07 the Shield-Bearer (Vine Stalker Fighter)    Turns: 1707, Time: 00:05:08

Health: 0/27       AC:  6    Str: 19    XL:     5   Next: 64%
Magic:  0/6        EV:  7    Int:  8    God:
Gold:   163        SH: 10    Dex: 14    Spells: 0 memorised, 4 levels left

rFire  . . .     SeeInvis .     y - +2 falchion (holy)
rCold  . . .     Clarity  .     b - +0 scale mail
rNeg   + . .     SustAt   .     c - +0 shield
rPois  .         Gourm    .     (no helmet)
rElec  .         Spirit   +     (no cloak)
rCorr  .         Warding  .     (no gloves)
rMut   .         Stasis   .     (no boots)
MR     .....                    (no amulet)
Stlth  ..........               A - ring of positive energy
                                f - -2 ring of slaying (curse)

@: lethally poisoned (0 -> 0), not resistant to hostile enchantments, extremely
unstealthy
A: fangs 2, regeneration 1, magic shield, antimagic bite, no device heal 3, rot
immunity
a: no special abilities


You were on level 4 of the Dungeon.
You were not hungry.

You visited 1 branch of the dungeon, and saw 4 of its levels.

You collected 163 gold pieces.

Inventory:

Hand Weapons
 a - a +0 long sword
 l - a +0 dagger of venom
 y - a +2 falchion of holy wrath (weapon)
Armour
 b - a +0 scale mail (worn)
 c - a +0 shield (worn)
Jewellery
 f - a cursed -2 ring of slaying (left hand)
 h - a +2 ring of evasion
 A - a ring of positive energy (right hand)
Wands
 q - a wand of magic darts (27)
Scrolls
 m - a scroll of enchant armour {unknown}
 o - a scroll of enchant weapon {unknown}
 t - 2 scrolls of magic mapping {unknown}
 u - a scroll of blinking {unknown}
 w - 2 scrolls of remove curse
 x - 2 scrolls of recharging {unknown}
 B - a scroll of amnesia {unknown}
Potions
 d - a potion of might
 g - a potion of ambrosia {unknown}
 i - 4 potions of brilliance
 j - 4 potions of agility {unknown}
 k - 3 potions of curing {unknown}
 p - 2 potions of lignification {unknown}
 v - a potion of heal wounds {unknown}
 z - a potion of haste {unknown}
Comestibles
 e - 2 bread rations
 n - 2 meat rations
 r - a royal jelly


   Skills:
 - Level 2.6 Fighting
 - Level 1.7 Long Blades
 - Level 2.4 Armour
 * Level 5.6 Shields


You had 4 spell levels left.
You didn't know any spells.

Dungeon Overview and Level Annotations

Branches:
Dungeon (4/15)
 Temple: D:4-7

Altars:
Elyvilon
Kikubaaqudgha
Sif Muna


Innate Abilities, Weirdness & Mutations

You have extremely sharp teeth.
Your natural rate of healing is unusually fast.
When hurt, damage is shared between your health and your magic reserves.
Your bite disrupts and absorbs the magic of your enemies.
Potions and wands cannot restore your health.
You are immune to rotting.


Message History

* * * LOW HITPOINT WARNING * * *
You are too injured to fight recklessly!
You feel sick. You block the worm's attack.
You feel sick.
You feel sick.
You feel sick.
You feel sick.
There is a stone staircase leading up here.
You closely miss the iguana.
The iguana is lightly wounded.
You block the iguana's attack. x2
You barely miss the iguana.
The iguana is lightly wounded.
You block the iguana's attack.
You slash the iguana!
The iguana is heavily wounded.
You feel sick. The scorpion stings you.
* * * LOW HITPOINT WARNING * * *
The iguana bites you.
You die...

... .. #.#####
#########......#
#>.......)......#
..................#
................>.#
.....###..........#
#...@s.........#
#..##l.........#
##.###........##
#.............#
###...........#
#............
##...........
##...........
##.......!....


You could see a scorpion and an iguana.

Vanquished Creatures
  A centaur skeleton (D:4)
  An orc wizard (D:3)
  Jessica (D:3)
  3 adders (D:2)
  An ooze (D:1)
  3 worms (D:2)
  A giant gecko (D:3)
  4 orcs (D:3)
  2 bats (D:2)
  A giant cockroach (D:3)
  5 goblins
  5 hobgoblins
  13 jackals
  A quokka (D:3)
  A giant gecko skeleton (D:4)
  2 giant newts
  4 kobolds (D:1)
  5 rats
54 creatures vanquished.

Notes
Turn   | Place    | Note
--------------------------------------------------------------
     0 | D:1      | Andry07 the Vine Stalker Fighter began the quest for the Orb.
     0 | D:1      | Reached XP level 1. HP: 11/11 MP: 2/2
    19 | D:1      | Reached skill level 3 in Shields
    32 | D:1      | Reached XP level 2. HP: 16/16 MP: 3/3
   618 | D:2      | Reached XP level 3. HP: 19/19 MP: 4/4
   732 | D:2      | Reached skill level 4 in Shields
   816 | D:2      | Reached XP level 4. HP: 18/23 MP: 5/5
   845 | D:2      | Found a white marble altar of Elyvilon.
  1157 | D:3      | Found an ancient bone altar of Kikubaaqudgha.
  1157 | D:3      | Found a deep blue altar of Sif Muna.
  1222 | D:3      | Reached skill level 5 in Shields
  1232 | D:3      | Reached XP level 5. HP: 23/27 MP: 6/6
  1561 | D:3      | Noticed Jessica
  1568 | D:3      | Killed Jessica
  1707 | D:4      | HP: 1/27 [scorpion (4)]
  1707 | D:4      | Slain by an iguana

Action                   |  1- 3 |  4- 6 || total
-------------------------+-------+-------++-------
Melee: Long sword        |    42 |       ||    42
       Dagger            |    56 |    64 ||   120
       Falchion          |       |    48 ||    48
  Use: Scroll            |       |     2 ||     2
  Eat: Chunk             |       |     3 ||     3
